 Dungeon Crawl Stone Soup version 0.17-a0-1927-g319369b (webtiles) character file.

3171 Ordine the Magician (level 9, -2/51 HPs)
             Began as a Gargoyle Earth Elementalist on Sept 29, 2015.
             Slain by a wyvern zombie (4 damage)
             ... on level 7 of the Dungeon.
             The game lasted 00:34:07 (8702 turns).

Ordine the Magician (Gargoyle Earth Elementalist)   Turns: 8702, Time: 00:34:07

Health: -2/51      AC: 27    Str: 11    XL:     9   Next: 94%
Magic:  19/19      EV: 14    Int: 20    God:
Gold:   347        SH:  0    Dex: 18    Spells: 4 memorised, 11 levels left

rFire  . . .     SeeInvis +     k - +1 mace (protect)
rCold  . . .     Clarity  .     F - +1 robe "Xaghatt" {Dex+4 SInv}
rNeg   + . .     SustAt   .     (no shield)
rPois  ∞         Gourm    .     G - +0 helmet
rElec  +         Spirit   .     B - +0 cloak
rCorr  .         Warding  .     u - +1 pair of gloves
rMut   .         Stasis   .     M - +0 pair of boots
MR     .....                    (no amulet)
Stlth  ++........               J - +4 ring of dexterity
                                e - +5 ring of protection

@: stone skin, not resistant to hostile enchantments, unstealthy
A: negative energy resistance 1, electricity resistance, unbreathing,
petrification resistance, rot immunity, AC +5
a: no special abilities


You were on level 7 of the Dungeon.
You were not hungry.

You visited 2 branches of the dungeon, and saw 8 of its levels.
You also visited: Sewer.

You collected 347 gold pieces.

Inventory:

Hand weapons
 k - a +1 mace of protection (weapon)
Missiles
 a - 117 stones (quivered)
Armour
 t - a +0 buckler
 u - a +1 pair of gloves (worn)
 B - a +0 cloak (worn)
 F - the +1 robe "Xaghatt" (worn) {Dex+4 SInv}
   (You found it on level 7 of the Dungeon)

   It affects your dexterity (+4).
   It lets you see invisible.
 G - a +0 helmet (worn)
 M - a +0 pair of boots (worn)
Jewellery
 e - a +5 ring of protection (left hand)
 J - a +4 ring of dexterity (right hand)
Magical devices
 n - a wand of slowing (27)
 v - a wand of polymorph (9)
 y - a wand of frost (27)
 A - a wand of magic darts (29)
 H - a wand of polymorph (10)
Scrolls
 f - 2 scrolls of teleportation
 i - 3 scrolls of recharging
 o - 3 scrolls of fear
 D - a scroll of blinking
 L - a scroll of amnesia
 N - a scroll of remove curse
Potions
 g - 4 potions of resistance
 h - a potion of agility
 j - a potion of magic
 l - a potion of cure mutation
 m - a potion of invisibility {unknown}
 p - 2 potions of heal wounds {unknown}
 q - 2 potions of might {unknown}
 r - 3 potions of curing
 s - a potion of cancellation {unknown}
 w - a potion of brilliance {unknown}
 x - a potion of flight {unknown}
 z - 2 potions of lignification {unknown}
 C - a potion of haste {unknown}
 E - a potion of poison {unknown}
 I - a potion of degeneration {unknown}
Books
 c - a book of Geomancy

   Spells                             Type                      Level
   a - Sandblast                      Earth                        1
   b - Stoneskin                      Transmutation/Earth          2
   c - Passwall                       Transmutation/Earth          3
   d - Stone Arrow                    Conjuration/Earth            3
   e - Petrify                        Transmutation/Earth          4
   f - Lee's Rapid Deconstruction     Earth                        5
Comestibles
 d - 2 bread rations


   Skills:
 + Level 3.5 Fighting
 + Level 3.7 Maces & Flails
 + Level 3.1 Armour
 + Level 3.4 Dodging
 - Level 2.1 Stealth
 + Level 2.9 Shields
 * Level 7.2 Spellcasting
 + Level 5.2 Conjurations
 - Level 0.7 Transmutations
 + Level 7.2 Earth Magic
 + Level 3.0 Evocations


You had 11 spell levels left.
You knew the following spells:

 Your Spells              Type           Power        Failure   Level  Hunger
a - Sandblast             Erth           #####.       1%          1    None
b - Stoneskin             Trmt/Erth      ###.....     2%          2    None
c - Stone Arrow           Conj/Erth      ####..       1%          3    #......
d - Lee's Rapid Deconstr  Erth           #####.....   14%         5    #####..


Dungeon Overview and Level Annotations

Branches:
Dungeon (7/15)             Temple (1/1) D:5

Altars:
Ashenzari
Cheibriados
Dithmenos
Elyvilon
Fedhas
Gozag
Kikubaaqudgha
Nemelex Xobeh
Okawaru
Qazlal
Sif Muna
Trog
Xom
Yredelemnul
Zin
The Shining One

Shops:
D:4 *   D:6 %


Innate Abilities, Weirdness & Mutations

You are resistant to torment.
Your stone body is resilient (AC +5).
You are immune to poison.
You resist negative energy.
You are resistant to electric shocks.
You can survive without breathing.
You are immune to petrification.
You are immune to rotting.


Message History

* * * LOW HITPOINT WARNING * * *
Drink which item? (? for menu, Esc to quit)
It was a potion of curing.
You feel better. The wyvern zombie barely misses you.
The wyvern zombie bites you but does no damage.
Casting: Sandblast
Confirm with . or Enter, or press ? or * to list all spells.
Aiming: Sandblast
Press: ? - help, Shift-Dir - straight line, f/p - wyvern zombie
Aim: a wyvern zombie
Okay, then.
The wyvern zombie bites you.
* * * LOW HITPOINT WARNING * * *
Drink which item? (? for menu, Esc to quit)
It was a potion of magic.
Magic courses through your body. The wyvern zombie barely misses you.
Drink which item? (? for menu, Esc to quit)
It was a potion of cure mutation.
It has a very clean taste.
The wyvern zombie barely misses you. The wyvern zombie bites you.
You die...

<.......... #.# #.#
...<....... #.# #.#
..........# #.# #.#
........... #.# #.#
############# ####.###.#
.###.......o####........#
..##...#....).##........#
...#...##.....##..(.....#
...'...##.....O#@.......#
...#...####...hZ.....÷..#
..##...#
######....<...#######
)###...# ####.###........
## #...# #.# ###########
## #...# #.# #.... ..
#...5.$.... #.# #.###
..##...#...... #.# #.#
...#...##....O
####.#########.#


You could see a black bear and a wyvern zombie.

Vanquished Creatures
  The ghost of katzbalger the Fighter, an experienced HuHu of Makhleb (D:7)
  Prince Ribbit (D:6)
  Eustachio (D:5)
  A hungry ghost (D:7)
  Menkaure (D:5)
  Edmund (D:6)
  A centaur (D:6)
  An ice beast (D:7)
  A phantom (D:7)
  An ogre (D:7)
  2 big kobolds (D:7)
  3 giant frogs (D:7)
  A wyvern zombie (D:7)
  2 scorpions
  The ghost of donomii the Skirmisher, a weakling DsAK of Lugonu (D:3)
  3 crimson imps
  3 hounds
  3 jellies (D:5)
  2 orc priests
  Crazy Yiuf (D:5)
  2 centaur zombies
  5 orc wizards
  7 worker ants
  2 iguanas
  A hound skeleton (D:7)
  A worker ant zombie (D:6)
  9 adders
  2 oozes
  26 orcs
  8 bats
  5 giant cockroaches
  6 goblins
  9 hobgoblins
  12 jackals
  2 quokkas
  5 ball pythons
  2 giant geckos
  A giant gecko skeleton (D:4)
  9 giant newts
  24 kobolds
  A quokka skeleton (D:5)
  9 rats
179 creatures vanquished.

Notes
Turn   | Place    | Note
--------------------------------------------------------------
     0 | D:1      | Ordine the Gargoyle Earth Elementalist began the quest for the Orb.
     0 | D:1      | Reached XP level 1. HP: 10/10 MP: 3/3
   781 | D:1      | Reached XP level 2. HP: 15/15 MP: 2/5
   791 | D:1      | Learned a level 2 spell: Stoneskin
  1442 | D:2      | Reached XP level 3. HP: 19/19 MP: 7/7
  1453 | D:2      | Learned a level 3 spell: Stone Arrow
  1948 | D:2      | Found a sparkling altar of Nemelex Xobeh.
  1993 | D:2      | Reached skill level 1 in Conjurations
  1993 | D:2      | Reached skill level 4 in Earth Magic
  2006 | D:2      | Reached XP level 4. HP: 24/24 MP: 9/9
  2208 | D:3      | Found a shattered altar of Ashenzari.
  2278 | D:3      | Found a glowing drain.
  2286 | Sewer    | Entered a sewer
  2608 | Sewer    | Reached XP level 5. HP: 28/28 MP: 10/10
  2615 | Sewer    | Learned a level 5 spell: Lee's Rapid Deconstruction
  3420 | D:3      | Noticed donomii's ghost (weakling DsAK)
  3448 | D:3      | Killed donomii's ghost
  4368 | D:4      | Reached XP level 6. HP: 14/32 MP: 1/12
  4496 | D:4      | Found an opulent altar of Gozag.
  4640 | D:4      | Reached skill level 5 in Earth Magic
  4870 | D:4      | Reached skill level 5 in Spellcasting
  5294 | D:4      | Noticed an air elemental
  5297 | D:4      | Found a stormy altar of Qazlal.
  5303 | D:4      | Reached XP level 7. HP: 22/36 MP: 8/14
  5426 | D:4      | Noticed a water elemental
  5426 | D:4      | Noticed a fire elemental
  5537 | D:4      | Found Luite's General Store.
  5800 | D:5      | Entered Level 5 of the Dungeon
  5860 | D:5      | Found a glowing golden altar of the Shining One.
  5948 | D:5      | Noticed Crazy Yiuf
  5953 | D:5      | Killed Crazy Yiuf
  6185 | D:5      | Reached skill level 6 in Spellcasting
  6342 | D:5      | Noticed Menkaure
  6349 | D:5      | Killed Menkaure
  6349 | D:5      | Reached skill level 1 in Fighting
  6349 | D:5      | Reached XP level 8. HP: 41/43 MP: 12/17
  6383 | D:5      | Found a staircase to the Ecumenical Temple.
  6403 | D:5      | Reached skill level 1 in Maces & Flails
  6404 | D:5      | Found a snail-covered altar of Cheibriados.
  6440 | Temple   | Entered the Ecumenical Temple
  6757 | D:5      | Noticed Eustachio
  6769 | D:5      | Killed Eustachio
  6769 | D:5      | Reached skill level 1 in Armour
  6769 | D:5      | Reached skill level 1 in Evocations
  7150 | D:6      | Found Vuicroon's Food Shoppe.
  7370 | D:6      | Noticed Prince Ribbit
  7377 | D:6      | Killed Prince Ribbit
  7426 | D:6      | Reached skill level 1 in Shields
  7536 | D:6      | Found a shadowy altar of Dithmenos.
  7559 | D:6      | Noticed Edmund
  7571 | D:6      | Killed Edmund
  7701 | D:6      | Found a white marble altar of Elyvilon.
  7712 | D:6      | Reached XP level 9. HP: 44/49 MP: 18/18
  7910 | D:7      | Got a creamy pearl robe
  7921 | D:7      | Identified the +1 robe "Xaghatt" {Dex+4 SInv} (You found it on level 7 of the Dungeon)
  8001 | D:7      | Noticed katzbalger's ghost (experienced HuHu)
  8018 | D:7      | Killed katzbalger's ghost
  8018 | D:7      | Reached skill level 5 in Conjurations
  8084 | D:7      | Reached skill level 7 in Spellcasting
  8698 | D:7      | HP: 1/51 [orc priest/divine providence (11)]
  8702 | D:7      | Slain by a wyvern zombie

Vault maps used:
D:1:      evilmike_arrival_home_sweet_home, nrook_uturn
D:2:      nicolae_overflow_hidden_temple, first_bread
D:3:      cheibrodos_ashenzari_chains, lightli_sewer_entry_pipes
D:4:      nicolae_gozag_seed_capital, nicolae_qazlal_style_of_elements,
          serial_shops, shop
D:5:      lemuel_doored_altar, nicolae_tso_carved_into_rock,
          minmay_temple_entry_butterflies, uniq_crazy_yiuf_cottage,
          uniq_menkaure, uniq_eustachio
D:6:      lemuel_coloured_pillars_altar, lemuel_crystal_altar, serial_shops,
          nicolae_shop_trees, st_stairs_5, uniq_edmund, uniq_prince_ribbit1
D:7:      minmay_opposing_rooms
Temple:   minmay_temple_bridge_a_8
Sewer:    sewer_co_scattered_pipes

Action                   |  1- 3 |  4- 6 |  7- 9 || total
-------------------------+-------+-------+-------++-------
Melee: Unarmed           |    85 |       |       ||    85
       Club              |    17 |       |       ||    17
       Mace              |    75 |   241 |   273 ||   589
 Cast: Sandblast         |    33 |   123 |   147 ||   303
       Stoneskin         |       |     5 |     8 ||    13
  Use: Scroll            |     7 |     4 |     4 ||    15
       Potion            |       |       |     3 ||     3
 Stab: Sleeping          |     4 |     4 |     8 ||    16
  Eat: Chunk             |     4 |     7 |    10 ||    21
       Bread ration      |       |     1 |       ||     1
       Beef jerky        |       |       |     2 ||     2
       Meat ration       |       |       |     1 ||     1
